 Dungeon Crawl Stone Soup version 0.18.1-8-gdd0e5ea (webtiles) character file.

15995 Mefis the Nimble (level 12, -12/70 HPs)
             Began as a Deep Elf Wizard on May 24, 2016.
             Was a High Priest of Sif Muna.
             Killed from afar by a gargoyle (25 damage)
             ... with a stone arrow
             ... on level 11 of the Dungeon on May 25, 2016.
             The game lasted 01:09:57 (17944 turns).

Mefis the Nimble (Deep Elf Wizard)                 Turns: 17944, Time: 01:09:58

Health: -12/70     AC: 11    Str: 18    XL:     12   Next: 6%
Magic:  27/27      EV: 14    Int: 42    God:    Sif Muna [*****.]
Gold:   233        SH: 13    Dex: 11    Spells: 7 memorised, 15 levels left

rFire  . . .     SeeInvis +     a - +8 rapier "Giant's Nightmare" {pierce, rElec Str+4 Int+9 Dex-2}
rCold  . . .     Gourm    .     s - +2 robe "Kawurhuu" {*Drain rElec Int+3 SInv}
rNeg   . . .     Faith    .     j - +4 shield
rPois  .         Spirit   .     r - +0 hat
rElec  +         Dismiss  .     t - +2 cloak
rCorr  .         Reflect  .     U - +2 pair of gloves
SustAt .         Harm     .     (no boots)
MR     +....                    g - amulet of regeneration
Stlth  ++++......               p - +2 ring of intelligence
                                N - +4 ring of strength

@: mighty, somewhat resistant to hostile enchantments, stealthy
A: molten scales 1, blink, robust 1
a: Blink, Channel Energy, Forget Spell, Renounce Religion


You were on level 11 of the Dungeon.
You worshipped Sif Muna.
Sif Muna was extremely pleased with you.
You were near starving.

You visited 3 branches of the dungeon, and saw 13 of its levels.

You collected 627 gold pieces.
You spent 394 gold pieces at shops.

Inventory:

Hand Weapons
 a - the +8 rapier "Giant's Nightmare" (weapon) {pierce, rElec Str+4 Int+9 Dex-2}
   (You found it on level 8 of the Dungeon)

   It inflicts extra damage upon your enemies.
   It affects your strength (+4).
   It affects your intelligence (+9).
   It affects your dexterity (-2).
   It insulates you from electricity.
 b - a +3 hunting sling of velocity
Missiles
 e - 26 sling bullets
 F - 6 poisoned javelins (quivered)
 S - 16 poisoned needles
Armour
 j - a +4 shield (worn)
 l - a +2 robe of magic resistance
 r - a +0 hat (worn)
 s - the +2 robe "Kawurhuu" (worn) {*Drain rElec Int+3 SInv}
   (You found it on level 9 of the Dungeon)

   It affects your intelligence (+3).
   It insulates you from electricity.
   It lets you see invisible.
   It causes draining when unequipped.
 t - a +2 cloak (worn)
 U - a +2 pair of gloves (worn)
Jewellery
 g - an amulet of regeneration (around neck)
 p - a +2 ring of intelligence (right hand)
 H - an uncursed ring of flight
 N - a +4 ring of strength (left hand)
Wands
 d - a wand of iceblast (9/15)
 v - a wand of slowing (28/48)
 z - a wand of polymorph (12/24)
 R - a wand of acid (11/15)
Scrolls
 n - a scroll of teleportation {unknown}
 u - 3 scrolls of remove curse
 A - a scroll of fog
 E - 2 scrolls of amnesia
Potions
 f - 2 potions of curing
 k - 2 potions of cancellation
 m - 4 potions of flight
 q - a potion of magic
 C - 3 potions of brilliance
 D - 3 potions of might
 W - a potion of resistance
Books
 c - a book of Minor Magic

   Spells                             Type                      Level
   a - Magic Dart                     Conjuration                  1
   b - Blink                          Translocation                2
   c - Call Imp                       Summoning                    2
   d - Repel Missiles                 Charms/Air                   2
   e - Slow                           Hexes                        2
   f - Conjure Flame                  Conjuration/Fire             3
   g - Mephitic Cloud                 Conjuration/Poison/Air       3
Miscellaneous
 i - a box of beasts
Comestibles
 h - 7 beef jerkies
 o - 3 meat rations
 Q - 5 fruits
 T - 8 slices of pizza
 Y - 5 bread rations


   Skills:
 + Level 2.5 Fighting
 + Level 3.8 Short Blades
 + Level 10.8 Dodging
 + Level 8.5 Stealth
 * Level 3.5 Shields
 + Level 9.5 Spellcasting
 + Level 7.7 Conjurations
 + Level 7.4 Hexes
 + Level 6.7 Summonings
 - Level 1.1 Translocations
 + Level 6.1 Fire Magic
 + Level 6.3 Poison Magic


You had 15 spell levels left.
You knew the following spells:

 Your Spells              Type           Power        Failure   Level  Hunger
a - Magic Dart            Conj           ####         1%          1    None
b - Call Imp              Summ           ######..     1%          2    None
c - Blink                 Tloc           N/A          10%         2    None
d - Repel Missiles        Chrm/Air       ###...       14%         2    None
e - Mephitic Cloud        Conj/Pois/Air  ######..     3%          3    None
f - Conjure Flame         Conj/Fire      ######..     1%          3    None
g - Slow                  Hex            ######..     1%          2    None


Dungeon Overview and Level Annotations

Branches:
Dungeon (11/15)            Temple (1/1) D:4            Lair (1/8) D:11
    Orc: D:9-12

Altars:
Ashenzari
Cheibriados
Dithmenos
Elyvilon
Fedhas
Gozag
Kikubaaqudgha
Makhleb
Nemelex Xobeh
Okawaru
Pakellas
Qazlal
Ru
Sif Muna
Trog
Vehumet
Xom
Yredelemnul
Zin
The Shining One

Shops:
D:5 !   D:11 !

Annotations:
D:11 Kenran's ghost, journeyman GrBe


Innate Abilities, Weirdness & Mutations

You are partially covered in molten scales (AC +1).
You can translocate small distances at will.
You are robust (+10% HP).


Message History

The gargoyle hurls a stone arrow at you.
The stone arrow hits you!
Drink which item? (? for menu, Esc to quit)
You feel very mighty all of a sudden.
The gargoyle hits you but does no damage.
You hit the gargoyle.
The gargoyle is heavily damaged.
The gargoyle hits you with a flail!
* * * LOW HITPOINT WARNING * * *
Drink which item? (? for menu, Esc to quit)
Okay, then.
There is an open door here.
Drink which item? (? for menu, Esc to quit)
Okay, then.
Read which item? (? for menu, Esc to quit)
Okay, then.
You blink.
You feel slightly more hungry.
The gargoyle hurls a stone arrow at you.
The stone arrow hits you!
You die...

.. ##'# ####...# #
#....# # ###9##### #
#.......# # #.......#
# ####.......# # ##
...'....@..# ###....
.###.......# ....#
#.......# #####
#.......# # #.......#
# ##+###### # #..#
############+#########
........##...........#


You could see a gargoyle.

Vanquished Creatures
  The ghost of PeppermintButler the Fighter, a journeyman MiFi of Okawaru (D:11)
  A hydra (D:10)
  A queen ant (D:9)
  Urug (D:11)
  Nergalle (D:10)
  2 hill giants
  Pikel (D:4)
  Joseph (D:7)
  2 centaur skeletons
  A two-headed ogre (D:9)
  A troll (D:11)
  Prince Ribbit (D:9)
  2 wraiths (D:7)
  A human (D:9)
  A yak (D:9)
  3 hippogriffs
  18 soldier ants
  3 orc warriors
  3 phantoms
  3 slaves (D:4)
  A black bear (D:8)
  6 centaurs
  3 ice beasts
  An eye of draining (D:9)
  11 ogres
  5 necrophages
  A big kobold (D:7)
  7 giant frogs
  A gnoll sergeant (D:9)
  A wyvern skeleton (D:7)
  2 scorpions
  8 wights
  13 killer bees
  2 howler monkeys
  4 crimson imps
  2 centaur zombies
  6 jellies
  2 human zombies (D:7)
  7 hounds
  8 orc priests
  2 quasits
  Crazy Yiuf (D:3)
  3 giant frog skeletons
  8 orc wizards
  Natasha (twice) (D:3)
  4 iguanas
  23 worker ants
  3 sheep (D:9)
  3 hound skeletons
  A mummy (D:7)
  A worker ant zombie (D:9)
  Robin (D:4)
  15 gnolls
  3 river rats (D:11)
  12 adders
  An adder zombie (D:5)
  3 adder skeletons
  3 dart slugs
  5 giant geckos
  37 orcs
  14 bats
  16 goblins
  6 hobgoblins
  15 jackals
  3 quokkas
  3 ball pythons
  A giant cockroach zombie (D:5)
  5 giant newts
  A jackal zombie (D:7)
  14 kobolds
  An orc zombie (D:7)
  A quokka skeleton (D:3)
  6 rats
356 creatures vanquished.

Vanquished Creatures (collateral kills)
  A soldier ant (D:10)
  An orc warrior (D:8)
  Natasha (D:3)
  4 worker ants
  A gnoll (D:2)
  2 worms
  An orc (D:8)
  2 hobgoblins (D:4)
  5 jackals
18 creatures vanquished.

Vanquished Creatures (others)
  A soldier ant (D:10)
  A slave (D:4)
  A worker ant (D:4)
  22 fungi (D:11)
  A plant (D:11)
26 creatures vanquished.

Grand Total: 400 creatures vanquished

Notes
Turn   | Place    | Note
--------------------------------------------------------------
     0 | D:1      | Mefis the Deep Elf Wizard began the quest for the Orb.
     0 | D:1      | Reached XP level 1. HP: 10/10 MP: 7/7
   257 | D:1      | Reached XP level 2. HP: 15/15 MP: 7/9
   261 | D:1      | Learned a level 2 spell: Call Imp
   264 | D:1      | Learned a level 2 spell: Blink
   267 | D:1      | Learned a level 2 spell: Repel Missiles
   665 | D:1      | Reached skill level 3 in Dodging
   866 | D:2      | Reached XP level 3. HP: 19/19 MP: 7/11
   871 | D:2      | Learned a level 3 spell: Mephitic Cloud
  1375 | D:2      | Found an oddly glowing altar of Pakellas.
  1802 | D:2      | Reached XP level 4. HP: 9/24 MP: 0/12
  2090 | D:3      | Noticed Natasha
  2102 | D:3      | Killed Natasha
  2295 | D:3      | Reached skill level 1 in Poison Magic
  2306 | D:3      | Noticed Crazy Yiuf
  2365 | D:3      | Killed Crazy Yiuf
  2365 | D:3      | Reached skill level 4 in Dodging
  2365 | D:3      | Reached skill level 5 in Spellcasting
  2572 | D:3      | Noticed Natasha
  2604 | D:3      | Killed Natasha
  2604 | D:3      | Reached XP level 5. HP: 23/28 MP: 2/14
  2790 | D:3      | Found an opulent altar of Gozag.
  3130 | D:4      | Noticed a phantom
  3251 | D:3      | Noticed Natasha
  3273 | D:3      | Killed Natasha
  3402 | D:3      | Killed a phantom
  3402 | D:3      | Reached XP level 6. HP: 28/32 MP: 0/16
  3809 | D:4      | Found an ancient bone altar of Kikubaaqudgha.
  3836 | D:4      | Noticed Robin
  3853 | D:4      | Killed Robin
  4099 | D:4      | Noticed a slave
  4135 | D:3      | Reached skill level 5 in Dodging
  4342 | D:4      | Found a sparkling altar of Nemelex Xobeh.
  4406 | D:4      | Reached XP level 7. HP: 36/36 MP: 4/17
  4413 | D:4      | Learned a level 3 spell: Conjure Flame
  4416 | D:4      | Learned a level 2 spell: Slow
  4506 | D:4      | Found a staircase to the Ecumenical Temple.
  4555 | Temple   | Entered the Ecumenical Temple
  4565 | Temple   | Became a worshipper of Sif Muna the Loreminder
  4831 | D:4      | Reached skill level 1 in Hexes
  5108 | D:4      | Noticed Pikel
  5109 | D:4      | Paralysed by Pikel for 6 turns
  5167 | D:4      | Paralysed by Pikel for 5 turns
  5468 | D:4      | Killed Pikel
  5468 | D:4      | Reached * piety under Sif Muna
  5468 | D:4      | Reached skill level 6 in Dodging
  5468 | D:4      | Reached skill level 5 in Conjurations
  5468 | D:4      | Reached skill level 1 in Fire Magic
  5468 | D:4      | Reached XP level 8. HP: 39/41 MP: 1/19
  6027 | D:5      | Entered Level 5 of the Dungeon
  6227 | D:5      | Reached skill level 5 in Stealth
  6411 | D:5      | Found a snail-covered altar of Cheibriados.
  6462 | D:5      | Found a shimmering altar of Xom.
  6464 | D:5      | Found a burning altar of Makhleb.
  6476 | D:5      | Found Ifayrruh's Distillery.
  6529 | D:5      | Bought a potion of mutation for 27 gold pieces
  6529 | D:5      | Bought a potion of flight for 33 gold pieces
  6529 | D:5      | Bought a potion of brilliance for 44 gold pieces
  6529 | D:5      | Bought a potion of degeneration for 11 gold pieces
  6529 | D:5      | Bought 2 potions of might for 88 gold pieces
  6529 | D:5      | Bought a potion of heal wounds for 55 gold pieces
  6529 | D:5      | Gained mutation: You are partially covered in molten scales (AC +1). [potion of mutation]
  6529 | D:5      | Gained mutation: You can translocate small distances at will. [potion of mutation]
  6529 | D:5      | Gained mutation: You are robust (+10% HP). [potion of mutation]
  6700 | D:5      | Found a radiant altar of Vehumet.
  7089 | D:6      | Found a blossoming altar of Fedhas.
  7317 | D:6      | Reached skill level 7 in Dodging
  7434 | D:6      | Found a white marble altar of Elyvilon.
  7613 | D:6      | Found a bloodstained altar of Trog.
  7772 | D:6      | Reached ** piety under Sif Muna
  7790 | D:6      | Reached XP level 9. HP: 49/49 MP: 17/21
  8311 | D:6      | Noticed a hill giant
  8342 | D:6      | Killed a hill giant
  8733 | D:7      | Reached skill level 8 in Dodging
  9584 | D:7      | Reached *** piety under Sif Muna
  9584 | D:7      | Reached skill level 5 in Summonings
  9916 | D:7      | Reached skill level 5 in Poison Magic
 10143 | D:7      | Found a basalt altar of Yredelemnul.
 10317 | D:7      | Reached XP level 10. HP: 55/55 MP: 7/23
 10447 | D:7      | Noticed Joseph
 10678 | D:7      | Killed Joseph
 10678 | D:7      | Reached skill level 5 in Hexes
 11472 | D:7      | Reached skill level 9 in Dodging
 11563 | D:8      | Found a shattered altar of Ashenzari.
 12632 | D:8      | Got a bone rapier
 12633 | D:8      | Identified the +8 rapier "Giant's Nightmare" {pierce, rElec Str+4 Int+9 Dex-2} (You found it on level 8 of the Dungeon)
 12745 | D:8      | Found a sacrificial altar of Ru.
 13043 | D:9      | Found a snail-covered altar of Cheibriados.
 13063 | D:9      | Reached skill level 1 in Short Blades
 13063 | D:9      | Reached skill level 5 in Fire Magic
 13457 | D:9      | Got a warped robe
 13468 | D:9      | Identified the +2 robe "Kawurhuu" {*Drain rElec Int+3 SInv} (You found it on level 9 of the Dungeon)
 13602 | D:9      | Reached **** piety under Sif Muna
 13602 | D:9      | Reached skill level 1 in Fighting
 13667 | D:9      | Found a shadowy altar of Dithmenos.
 13807 | D:9      | Noticed Prince Ribbit
 13818 | D:9      | Killed Prince Ribbit
 13818 | D:9      | Reached skill level 1 in Shields
 14292 | D:10     | Entered Level 10 of the Dungeon
 14368 | D:10     | Reached XP level 11. HP: 47/61 MP: 25/25
 14426 | D:10     | HP: 1/61 [poisoned by a killer bee]
 14576 | D:10     | Noticed Nergalle
 14599 | D:10     | Reached skill level 10 in Dodging
 15451 | D:10     | Noticed a queen ant
 15738 | D:9      | Killed a queen ant
 16053 | D:10     | Reached ***** piety under Sif Muna
 16130 | D:10     | Noticed a hill giant
 16398 | D:10     | Killed Nergalle
 16492 | D:10     | Killed a hill giant
 16731 | D:11     | Noticed Urug
 16881 | D:11     | Killed Urug
 17125 | D:11     | Noticed PeppermintButler's ghost (journeyman MiFi)
 17129 | D:11     | Noticed a four-headed hydra
 17185 | D:10     | Killed a four-headed hydra
 17339 | D:11     | Found a staircase to the Lair.
 17356 | Lair:1   | Entered Level 1 of the Lair of Beasts
 17528 | D:11     | Killed PeppermintButler's ghost
 17528 | D:11     | Reached XP level 12. HP: 70/70 MP: 10/27
 17785 | D:11     | Noticed Kenran's ghost (journeyman GrBe)
 17869 | D:11     | Found Dycwogoe's Distillery.
 17881 | D:11     | Bought a potion of magic for 136 gold pieces
 17944 | D:11     | Killed from afar by a gargoyle

Skill      XL: |  1  2  3  4  5  6  7  8  9 10 11 |
---------------+----------------------------------+-----
Dodging        | 3 4 5 6 7 8 9 10 | 10.8
Conjurations   | 2 3 5 6 7 |  7.7
Stealth        | 3 4 5 6 7 8 |  8.5
Poison Magic   | 1 2 3 4 5 6 |  6.3
Spellcasting   | 5 6 7 8 9 |  9.5
Summonings     | 2 3 4 5 6 |  6.7
Hexes          | 2 3 4 6 7 |  7.4
Fire Magic     | 1 2 4 5 6 |  6.1
Short Blades   | 2 3 |  3.8
Fighting       | 1 2 |  2.5
Shields        | 1 3 |  3.5
Translocations | |  1.1

Action                   |  1- 3 |  4- 6 |  7- 9 | 10-12 || total
-------------------------+-------+-------+-------+-------++-------
Melee: Dagger            |     6 |    29 |     2 |     4 ||    41
       Rapier            |       |       |       |   548 ||   548
 Fire: Hunting sling     |       |    15 |   118 |   104 ||   237
Throw: Tomahawk          |       |       |    26 |       ||    26
       Javelin           |       |       |       |     4 ||     4
 Cast: Magic Dart        |    88 |   118 |   400 |   413 ||  1019
       Repel Missiles    |     1 |       |     1 |     2 ||     4
       Call Imp          |     8 |     9 |     6 |    19 ||    42
       Mephitic Cloud    |     1 |    11 |    15 |    68 ||    95
       Blink             |       |     2 |    10 |     5 ||    17
       Conjure Flame     |       |       |    18 |    16 ||    34
       Slow              |       |       |       |     2 ||     2
Invok: Channel Energy    |       |       |     9 |     7 ||    16
 Abil: Blink             |       |       |       |    27 ||    27
  Use: Potion            |       |     1 |     1 |     4 ||     6
       Scroll            |       |       |     6 |     6 ||    12
 Stab: Sleeping          |     1 |     1 |     1 |     2 ||     5
       Confused          |       |       |       |    22 ||    22
  Eat: Chunk             |     2 |     7 |     6 |    15 ||    30
       Pizza             |       |     1 |       |       ||     1
       Bread ration      |       |       |     3 |     1 ||     4
       Meat ration       |       |       |       |     1 ||     1
       Royal jelly       |       |       |       |     1 ||     1
Armor: Robe              |     3 |    19 |    39 |   217 ||   278
Dodge: Dodged            |     9 |    52 |   112 |   442 ||   615
       Deflected         |       |       |     2 |    13 ||    15
Block: Shield            |       |       |       |   335 ||   335
